cohdb
Replays
Latest Replays
All Replays
Popular Replays
Top Player Replays
Match Explorer
How It Works
Community
CoH3 Stats
Reddit
Sign in to upload your games and track your stats! →
Sign in with Steam
Match 44009856
Unlisted
Match 44009856
Overview
Messages
Build Orders
End
Vickers Machine Gun Team
Construct Section Command Post
Infantry Section
Selects Canadian Shock Battlegroup
Vickers Machine Gun Team
Construct Platoon Command Post
Selects Attacking Spirit
Selects Canadian Shock Section
Unlock Bishop Self-propelled Artillery
Canadian Shock Section
Canadian Shock Section
Selects Incendiary Munitions
Bishop Self-propelled Artillery
Royal Engineer Section
CMP 15cwt Truck
Forward Retreat Point
Canadian Shock Section
Selects Pyrotechnics
Construct Company Command Post
Canadian Shock Section
Infantry Training
Unlock Towed 17-pounder Anti-tank Guns
17-pounder Anti-tank Gun Team
Royal Engineer Section
Selects Churchill Crocodile Heavy Tank
Churchill Crocodile Heavy Tank
Royal Engineer Section
Selects Smoke Operation
Royal Engineer Section
Forward Retreat Point
Kimball211
Matthirace
Heureeeka
Wehrmacht
yeti
RhumsteaK
King Raptor
SHELDONATOR
0
0
Comments
sign in to comment!
No comments posted yet!